 Dungeon Crawl Stone Soup version 0.29.0-4-gdea44cf6ec (webtiles) character file.

Game seed: 18191783000004190256

80 qw the Chopper (level 4, 0/36 HPs)
             Began as a Barachi Chaos Knight on Sept 4, 2022.
             Slain by a black bear (6 damage)
             ... on level 3 of the Dungeon.
             The game lasted 00:01:50 (3491 turns).

qw the Chopper (Barachi Chaos Knight)               Turns: 3491, Time: 00:01:50

Health: 0/36       AC:  6    Str: 16    XL:     4   Next: 39%
Magic:  4/4        EV:  9    Int: 12    God:
Gold:   127        SH:  0    Dex: 11    Spells: 3/3 levels left

rFire   . . .      SeeInvis .   Y - +0 hand axe (chaos)
rCold   . . .      Faith    .   (no shield)
rNeg    . . .      Spirit   .   i - +0 scale mail {rPois}
rPois   +          Reflect  .   (no helmet)
rElec   .          Harm     .   (no cloak)
rCorr   .          Rampage  .   (no gloves)
Will    .....                   (no boots)
Stlth   ..........              b - amulet of the acrobat
HPRegen 0.12/turn               (no ring)
MPRegen 0.09/turn               (no ring)

@: slow
A: amphibious, slowness 1, strong legs 1, +LOS
a: Hop


You were on level 3 of the Dungeon.
You visited 1 branch of the dungeon, and saw 3 of its levels.

You collected 127 gold pieces.


Innate Abilities, Weirdness & Mutations

You are amphibious.
You cover ground slowly.
You can hop short distances.
You have an extended range of vision and can be seen from far away.


   Skills:
 - Level 3.6 Fighting
 + Level 5.6 Axes
 - Level 2.4 Armour
 - Level 1.1 Dodging


You had 3 spell levels left.
You didn't know any spells.
Your spell library was empty.

Inventory:

Hand Weapons
 k - a +0 flail
 Y - a +0 hand axe of chaos (weapon)
Armour
 d - a +0 helmet
 h - a +0 chain mail
 i - a +0 scale mail of poison resistance (worn)
Jewellery
 b - an amulet of the acrobat (around neck)
Scrolls
 a - a scroll of teleportation
 e - 2 scrolls of identify
 f - a scroll of enchant armour
Potions
 g - a potion of cancellation {unknown}
 l - a potion of resistance {unknown}
 p - a potion of heal wounds {unknown}
Miscellaneous
 c - a piece from Xom's chessboard (15/15)

Dungeon Overview and Level Annotations

Branches:
Dungeon (3/15)

Altars:
Makhleb
Yredelemnul


Message History

Enter note:
g - a metallic purple potion A black bear comes into view.
The black bear growls angrily.
You barely miss the black bear. You punch the black bear.
The black bear is lightly wounded.
The black bear bites you.
The black bear claws you but does no damage.
The black bear barely misses you.
You hit the black bear but do no damage.
The black bear is poisoned.
The black bear is lightly wounded.
The black bear bites you but does no damage.
The black bear closely misses you. The black bear claws you.
You hit the black bear but do no damage.
The black bear is lightly wounded.
The black bear barely misses you. The black bear claws you. x2
You slash the black bear!
The black bear is heavily wounded.
The black bear barely misses you. The black bear completely misses you.
The black bear claws you.
You hit the black bear.
The black bear flickers and vanishes!
Deactivating autopickup; reactivate with Ctrl-A.
Something bites you but does no damage. Something claws you but does no damage.
Something claws you.
You hit something. You burn something. Something bites you.
Something claws you. Something claws you but does no damage.
You miss something. Something bites you but does no damage.
Something claws you. Something claws you but does no damage.
Something bites you but does no damage. Something claws you but does no damage.
Something claws you.
You hit something. You freeze something. Something bites you.
Something claws you but does no damage. Something claws you.
You hit something. You burn something. You hit something but do no damage.
Nothing appears to happen.
Something bites you. Something claws you. x2
You die... "I guess I need a new plaything now."

#.......#.#.# # ..
+...........#.# #..
#.#.#.#.....#.#...
#........#..#.#.#
#.#?#.##...<....#
#....<..####..#####
+.#.#.#............
##.....###.{.#.####
##.#.# #@#...#
#.........#.###
##.#.###..# # #..
...# ## .....
...... .####.. ..
...# .# ....


There were no monsters in sight!

Vanquished Creatures
  An adder (D:3)
  A worm (D:2)
  2 dart slugs
  7 orcs
  4 bats
  8 endoplasms
  2 giant cockroaches
  4 goblins
  2 hobgoblins
  6 quokkas
  4 ball pythons
  3 frilled lizards
  5 kobolds
49 creatures vanquished.

Notes
Turn   | Place    | Note
-------+----------+-------------------------------------------
     0 | D:1      | qw the Barachi Chaos Knight began the quest for the Orb.
     0 | D:1      | Reached XP level 1. HP: 18/18 MP: 1/1
     0 | D:1      | 0 ||| qw: Version: 0.1-a-102-g441f92d
     0 | D:1      | 0 ||| qw: Game counter: 5302
     0 | D:1      | 0 ||| qw: Always use a shield: true
     0 | D:1      | 0 ||| qw: God list: Okawaru
     0 | D:1      | 0 ||| qw: Allow faded altars: false
     0 | D:1      | 0 ||| qw: Do Orc after D:15 true
     0 | D:1      | 0 ||| qw: Do second Lair branch before Depths: true
     0 | D:1      | 0 ||| qw: Lair rune preference: random
     0 | D:1      | 0 ||| qw: Plans: Normal
     0 | D:1      | 0 ||| PLANNING D:1-11
     0 | D:1      | Fell from the grace of Xom
    11 | D:1      | 11 ||| Stepping ~*~*~tactically~*~*~ (stealth).
    71 | D:1      | 71 ||| Stepping ~*~*~tactically~*~*~ (stealth).
    73 | D:1      | 73 ||| Stepping ~*~*~tactically~*~*~ (stealth).
    80 | D:1      | XOM: stat loss: -2 Dex (9/11)
    89 | D:1      | HP: 4/18 [quokka (2)]
   332 | D:1      | Reached XP level 2. HP: 22/24 MP: 2/2
   374 | D:1      | Reached skill level 4 in Axes
   450 | D:1      | 450 ||| DROPPING +0 whip.
  1039 | D:1      | Reached XP level 3. HP: 29/29 MP: 3/3
  1430 | D:1      | 1430 ||| UPGRADING to +0 ring mail.
  1440 | D:1      | 1440 ||| DROPPING +2 leather armour.
  1441 | D:1      | 1441 ||| UPGRADING to +0 chain mail.
  1451 | D:1      | 1451 ||| DROPPING +0 ring mail.
  1452 | D:1      | 1452 ||| UPGRADING to +0 scale mail of poison resistance.
  1462 | D:1      | 1462 ||| READING 2 scrolls labelled ICAS EWEROE.
  1466 | D:1      | 1466 ||| READING 2 scrolls labelled ROFFOB QAVYMNY.
  1467 | D:1      | 1467 ||| READING scroll labelled OPTIATORAT.
  1468 | D:1      | 1468 ||| READING scroll labelled LUINEGI NE RAE.
  1469 | D:1      | 1469 ||| READING scroll labelled UPTOMONKERGH.
  1470 | D:1      | 1470 ||| READING scroll labelled XINIEXO GUEC.
  1471 | D:1      | 1471 ||| READING scroll labelled QITYIN KAYDGHI.
  1914 | D:2      | Reached skill level 5 in Axes
  2162 | D:2      | XOM: god gift: staff of death
  2378 | D:2      | 2378 ||| Stepping ~*~*~tactically~*~*~ (stealth).
  2379 | D:2      | 2379 ||| Stepping ~*~*~tactically~*~*~ (stealth).
  2384 | D:2      | 2384 ||| Stepping ~*~*~tactically~*~*~ (stealth).
  2386 | D:2      | 2386 ||| FLEEEEING.
  2387 | D:2      | 2387 ||| STAIRDANCE
  2471 | D:1      | 2471 ||| READING 3 scrolls labelled OSORYNNUAK.
  2472 | D:1      | 2472 ||| DRINKING 2 puce potions.
  2502 | D:1      | 2502 ||| READING 2 scrolls of identify.
  2502 | D:1      | 2502 ||| IDENTIFYING inky potion
  2503 | D:1      | 2503 ||| DROPPING potion of lignification.
  2504 | D:1      | 2504 ||| DROPPING potion of berserk rage.
  2505 | D:1      | 2505 ||| DROPPING 2 scrolls of butterflies.
  2514 | D:2      | 2514 ||| STAIRDANCE
  2567 | D:2      | 2567 ||| STAIRDANCE
  2719 | D:2      | Found a faded altar of an unknown god.
  2935 | D:2      | 2935 ||| READING scroll labelled LAJUHI ACAGREO.
  2935 | D:2      | Identified a scroll of acquirement
  2935 | D:2      | 2935 ||| ACQUIRING amulet of the acrobat
  2935 | D:2      | Acquired an amulet of the acrobat
  2937 | D:2      | 2937 ||| UPGRADING to amulet of the acrobat.
  3107 | D:3      | 3107 ||| Stepping ~*~*~tactically~*~*~ (stealth).
  3131 | D:3      | Reached XP level 4. HP: 36/36 MP: 4/4
  3274 | D:3      | 3274 ||| Stepping ~*~*~tactically~*~*~ (stealth).
  3275 | D:3      | 3275 ||| Stepping ~*~*~tactically~*~*~ (stealth).
  3276 | D:3      | 3276 ||| Stepping ~*~*~tactically~*~*~ (stealth).
  3279 | D:3      | 3279 ||| Stepping ~*~*~tactically~*~*~ (stealth).
  3309 | D:3      | Found a burning altar of Makhleb.
  3309 | D:3      | Found a basalt altar of Yredelemnul.
  3431 | D:3      | 3431 ||| Stepping ~*~*~tactically~*~*~ (stealth).
  3433 | D:3      | 3433 ||| Stepping ~*~*~tactically~*~*~ (stealth).
  3434 | D:3      | 3434 ||| Stepping ~*~*~tactically~*~*~ (stealth).
  3477 | D:3      | Noticed a black bear
  3491 | D:3      | HP: 9/36 [something (2)]
  3491 | D:3      | Slain by a black bear

Levels and vault maps discovered:
D:1:      heliophobic_arrival_battle_scene, layout_basic, serial_corexii_hall,
          corexii_hall_statues_s, corexii_hall_statues_deadend,
          nicolae_figureground_sparkle
D:2:      layout_loops_corners, hellmonk_ecumenical_altar_defaced_shrine,
          minmay_misc_feat_roman, nicolae_underground_beach
D:3:      layout_basic, chequers_temple_overflow_statue_of_worship,
          mainiacjoe_overflow_alcove_4, st_stairs_13

Skill      XL: |  1  2  3 |
---------------+----------+-----
Axes           | 4 5 |  5.6
Fighting       | |  3.6
Armour         | |  2.4
Dodging        | |  1.1

Action                   |  1- 3 |  4- 6 || total
-------------------------+-------+-------++-------
Melee: Hand axe          |   143 |    36 ||   179
       Punch             |       |     1 ||     1
Invok: Renounce Religion |     1 |       ||     1
  Use: Scroll            |    10 |       ||    10
       Potion            |     1 |       ||     1
 Stab: Paralysed         |     1 |       ||     1
Armor: Leather armour    |    18 |       ||    18
       Scale mail        |    25 |    20 ||    45
Dodge: Dodged            |    77 |    16 ||    93

Table legend:
 A = Non-vault XP
 B = Vault XP
 C = Vault XP percentage of total XP
 D = Non-vault monster count
 E = Vault monster count
 F = Vault count percentage of total count
                 A         B        C        D         E       F
            +---------+---------+-------+---------+---------+-------
      Total |     104 |      11 |   9.6 |      45 |       4 |   8.2
            +---------+---------+-------+---------+---------+-------
        D:1 |      41 |       6 |  12.8 |      22 |       2 |   8.3
        D:2 |      30 |       3 |   9.1 |      13 |       1 |   7.1
        D:3 |      33 |       2 |   5.7 |      10 |       1 |   9.1
            +---------+---------+-------+---------+---------+-------
